 Dungeon Crawl Stone Soup version 0.22.1-1-ga44c0e56f4 (webtiles) character file.

26 Kaderl the Sneak (level 3, -2/22 HPs)
             Began as a Kobold Assassin on Oct 4, 2018.
             Slain by a gnoll
             ... wielding a +0 spear
              (7 damage)
             ... on level 1 of the Dungeon.
             The game lasted 00:04:30 (1467 turns).

Kaderl the Sneak (Kobold Assassin)                  Turns: 1467, Time: 00:04:31

Health: -2/22      AC:  4    Str:  9    XL:     3   Next: 22%
Magic:  3/3        EV: 13    Int: 12    God:
Gold:   38         SH:  0    Dex: 16    Spells: 2/2 levels left

rFire    . . .     SeeInvis .   b - +0 blowgun
rCold    . . .     Gourm    .   (shield restricted)
rNeg     . . .     Faith    .   i - +0 leather armour
rPois    .         Spirit   .   (no helmet)
rElec    .         Reflect  .   d - +0 cloak
rCorr    .         Harm     .   (no gloves)
MR       .....                  (no boots)
Stlth    +++.......             (no amulet)
HPRegen  0.07/turn              (no ring)
MPRegen  0.08/turn              (no ring)

@: no status effects
A: small, carnivore
a: no special abilities


You were on level 1 of the Dungeon.
You were not hungry.

You visited 1 branch of the dungeon, and saw 2 of its levels.

You collected 38 gold pieces.

Inventory:

Hand Weapons
 b - a +0 blowgun (weapon)
 n - a +1 dagger of flaming
Missiles
 e - a poisoned needle (quivered)
 f - 2 curare-tipped needles
Armour
 d - a +0 cloak (worn)
 i - a +0 leather armour (worn)
Scrolls
 h - a scroll of identify
 l - a scroll of fog {unknown}
 m - a scroll of teleportation {unknown}
Potions
 j - a potion of mutation {unknown}
 k - a potion of invisibility {unknown}
Comestibles
 g - a ration


   Skills:
 + Level 2.7 Fighting
 + Level 3.2 Short Blades
 + Level 2.2 Throwing
 + Level 1.2 Dodging
 + Level 6.0 Stealth


You had 2 spell levels left.
You didn't know any spells.
Your spell library was empty.

Dungeon Overview and Level Annotations

Branches:
Dungeon (2/15)

Altars:


Innate Abilities, Weirdness & Mutations

You are small and have problems with some larger weapons.
You are carnivorous and can eat meat at any time.


Message History

Press: ? - help, Shift-Dir - straight line, f/p - gnoll
Aim: a gnoll, wielding a spear (severely wounded)
You shoot a poisoned needle.
The poisoned needle barely misses the gnoll.
The poisoned needle hits the gnoll.
The gnoll is poisoned.
The gnoll hits you from afar with a spear.
* * * LOW HITPOINT WARNING * * *
Firing (i - inventory. (/) - cycle)
e - 3 poisoned needles (quivered)
Press: ? - help, Shift-Dir - straight line, f/p - gnoll
Aim: a gnoll, wielding a spear (severely wounded)
You shoot a poisoned needle. The poisoned needle hits the gnoll.
The gnoll is poisoned.
The gnoll barely misses you. The gnoll hits you but does no damage.
Firing (i - inventory. (/) - cycle)
e - 2 poisoned needles (quivered)
Press: ? - help, Shift-Dir - straight line, f/p - gnoll
Aim: a gnoll, wielding a spear (severely wounded)
You shoot a poisoned needle.
The poisoned needle closely misses the gnoll.
The gnoll hits you from afar with a spear!
You die...

#.# #.##########.#.#
##.####.#
########.#.#
#.......#
#........#.#
#########
#.####...#.# #.#
#.#.#.# #.####.#...#
#.#....#####
#####.#.####
#.@[..#.# #.#####.#
####### #g#####.#
#.....# #.g..##.#
#.....#
####g##.#####.....#
#(##.....#.....#
#####g########......
#.......# #.....#
#.......######...(.#


You could see a gnoll.

Vanquished Creatures
  3 dart slugs (D:1)
  A leopard gecko (D:1)
  A bat (D:1)
  A giant cockroach (D:1)
  3 goblins (D:1)
  3 hobgoblins
  2 kobolds (D:1)
  2 frilled lizards (D:1)
  2 rats
18 creatures vanquished.

Notes
Turn   | Place    | Note
-------+----------+-------------------------------------------
     0 | D:1      | Kaderl the Kobold Assassin began the quest for the Orb.
     0 | D:1      | Reached XP level 1. HP: 12/12 MP: 1/1
   259 | D:1      | Reached XP level 2. HP: 10/18 MP: 2/2
   718 | D:1      | Reached skill level 6 in Stealth
   733 | D:1      | Reached XP level 3. HP: 13/22 MP: 3/3
  1467 | D:1      | Slain by a gnoll

Skill      XL: |  1  2  3 |
---------------+----------+-----
Stealth        | 6 |  6.0
Short Blades   | 3 |  3.2
Fighting       | |  2.7
Throwing       | |  2.2
Dodging        | |  1.2

Action                   || total
-------------------------++-------
Melee: Dagger            ||    62
 Fire: Blowgun           ||     7
  Use: Scroll            ||     2
 Stab: Sleeping          ||     7
  Eat: Ration            ||     1
Armor: Robe              ||     7
       Leather armour    ||     8
Dodge: Dodged            ||    46
